 Dungeon Crawl Stone Soup version 0.30-a0-779-g7971cf19c3 (webtiles) character file.

Game seed: 4081142971387325313

158 xian the Gusty (level 5, 0/39 HPs)
             Began as a Draconian Air Elementalist on Feb 17, 2023.
             Slain by Ijyb
             ... wielding a +0 club
              (1 damage)
             ... on level 3 of the Dungeon on Feb 18, 2023.
             The game lasted 00:06:00 (2447 turns).

xian the Gusty (Draconian Air Elementalist)         Turns: 2447, Time: 00:06:01

Health: 0/39       AC:  5    Str: 11    XL:     5   Next: 16%
Magic:  4/9        EV: 12    Int: 17    God:
Gold:   60         SH:  0    Dex: 11    Spells: 4/10 levels left

rFire   . . .      SeeInvis .    e - +0 dagger
rCold   . . .      Faith    .    (no shield)
rNeg    . . .      Spirit   .    (body armour unavailable)
rPois   .          Reflect  .    (helmet restricted)
rElec   .          Harm     .    (no cloak)
rCorr   .          Rampage  .    (no gloves)
Will    .....                    (no boots)
Stlth   ++                       (no amulet)
HPRegen 0.26/turn                (no ring)
MPRegen 0.11/turn                (no ring)

@: mighty, brilliant, flying
A: AC +5, unfitting armour, cold-blooded
a: no special abilities


You were on level 3 of the Dungeon.
You visited 1 branch of the dungeon, and saw 3 of its levels.

You collected 60 gold pieces.

Inventory:

Hand Weapons
 e - a +0 dagger (weapon)
Jewellery
 i - an amulet of the acrobat
Scrolls
 b - a scroll of teleportation {unknown}
 c - a scroll of enchant weapon {unknown}
 d - a scroll of immolation {unknown}
 g - a scroll of amnesia {unknown}
 h - a scroll of vulnerability {unknown}
 j - 2 scrolls of identify {unknown}
Potions
 f - a potion of might


   Skills:
 + Level 0.3 Fighting
 + Level 2.0 Dodging
 + Level 2.2 Stealth
 + Level 3.3 Spellcasting
 + Level 2.1 Conjurations
 + Level 4.1 Air Magic


You had 4 spell levels left.
You knew the following spells:

 Your Spells              Type           Power      Damage    Failure   Level
a - Shock                 Conj/Air       80%        1d8       4%          1
b - Static Discharge      Conj/Air       40%        2-4/arc   7%          2
c - Swiftness             Air            25%        N/A       9%          3

Your spell library contained the following spells:

 Spells                   Type           Power      Damage    Failure   Level
 Airstrike                Air            12%        2d(2-18)  30%         4


Dungeon Overview and Level Annotations

Branches:
Dungeon (3/15)

Altars:

Shops:
D:3 (

Annotations:
D:3 Ijyb


Innate Abilities, Weirdness & Mutations

Your plain brown scales are hard. (AC +5)
You cannot fit into any form of body armour.
You are cold-blooded and may be slowed by cold attacks.


Message History

Casting: Static Discharge (safe; 7% risk of failure)
Confirm with . or Enter, or press ? or * to list all spells.
The adder is struck by an arc of lightning.
You kill the adder!
Ijyb is struck by an arc of lightning.
Ijyb is lightly wounded.
You feel sick.
Ijyb zaps a wand.
Your mind is blasted!
Unknown command.
You feel sick. Ijyb barely misses you.
You hit Ijyb but do no damage.
Your tail-slap misses Ijyb.
Ijyb is lightly wounded.
You feel sick.
Ijyb zaps a wand.
Your mind is blasted!
It was a potion of might.
You feel very mighty all of a sudden.
You feel sick.
Ijyb zaps a wand.
Your mind is blasted!
* * * LOW HITPOINT WARNING * * *
You hit Ijyb.
Your tail-slap misses Ijyb.
Ijyb is moderately wounded.
You feel sick.
Ijyb zaps a wand.
You barely resist.
The now-empty wand crumbles to dust.
You hit Ijyb.
Your tail-slap misses Ijyb.
Ijyb is moderately wounded.
You feel sick. Ijyb screams, "I cut your head off!"
Ijyb hits you but does no damage.
You closely miss Ijyb.
Ijyb is moderately wounded.
You feel sick.
You are no longer poisoned.
Ijyb hits you with a +0 club.
* * * LOW HITPOINT WARNING * * *
Okay, then.
It was a potion of flight.
You feel very buoyant.
You fly up into the air.
Ijyb barely misses you.
Your magical contamination has completely faded away.
It was a potion of brilliance.
You feel clever all of a sudden. Ijyb hits you with a +0 club.
You die...

### .<# ###### ......
.##### ### ...... ..#
...### #.# ##.# #g# .#.#
#@#
...#############.######.
........................
.(.#######.###.#.######.
...# #.# #.#.# ...#
#.###+#+####
.#.#######...........
.........#...........
##.#####.##(........(


You could see Ijyb.

Vanquished Creatures
  Jessica (D:3)
  3 gnolls (D:2)
  6 adders
  An ufetubus (D:3)
  2 worms
  A dart slug (D:1)
  An orc (D:3)
  A bat (D:1)
  5 endoplasms
  2 giant cockroaches
  2 goblins (D:2)
  5 hobgoblins
  A quokka (D:2)
  3 ball pythons
  2 frilled lizards
  3 kobolds
  2 rats (D:2)
41 creatures vanquished.

Notes
Turn   | Place    | Note
-------+----------+-------------------------------------------
     0 | D:1      | xian the Draconian Air Elementalist began the quest for the
                  | Orb.
     0 | D:1      | Reached XP level 1. HP: 14/14 MP: 3/3
   394 | D:1      | Reached XP level 2. HP: 20/20 MP: 1/5
   397 | D:1      | Learned a level 2 spell: Static Discharge
  1041 | D:2      | Reached XP level 3. HP: 25/26 MP: 0/6
  1398 | D:2      | Reached XP level 4. HP: 28/33 MP: 2/7
  1404 | D:2      | Learned a level 3 spell: Swiftness
  1423 | D:2      | Reached skill level 4 in Air Magic
  1509 | D:2      | You fall into a shaft and drop 1 floor!
  2268 | D:3      | Noticed Jessica
  2289 | D:3      | Killed Jessica
  2290 | D:3      | Reached XP level 5. HP: 30/39 MP: 2/9
  2410 | D:3      | Found Usah's Antique Weapon Shop.
  2432 | D:3      | Noticed Ijyb
  2445 | D:3      | HP: 1/39 [Ijyb/+0 club (2)]
  2447 | D:3      | Slain by Ijyb

Illustrated notes

Levels and vault maps discovered:
D:1:      elethiomel_arrival_infinity_welcomes_careful_drivers, layout_rooms
D:2:      layout_basic
D:3:      layout_basic, serial_shops, nicolae_shop_window_shopping,
          nicolae_shop_bloodbath_and_beyond, nicolae_shop_trees, shop,
          uniq_ijyb, uniq_sigmund, uniq_terence, uniq_jessica

Skill      XL: |  1  2  3  4 |
---------------+-------------+-----
Dodging        | 2 |  2.0
Stealth        | 2 |  2.2
Air Magic      | 4 |  4.1
Conjurations   | 2 |  2.1
Spellcasting   | 3 |  3.3
Fighting       | |  0.3

Action                     |  1- 3 |  4- 6 || total
---------------------------+-------+-------++-------
  Melee: Unarmed           |    12 |       ||    12
         Tailslap          |     2 |     1 ||     3
         Dagger            |    18 |    15 ||    33
   Cast: Shock             |    43 |    42 ||    85
         Static Discharge  |     9 |     5 ||    14
    Use: Potion            |     4 |     3 ||     7
 Armour: Skin              |    13 |    12 ||    25
  Dodge: Dodged            |    38 |    21 ||    59

Table legend: (Time is in decaauts)
 A = Elapsed time spent in this place.
 B = Non-inter-level travel time spent in this place.
 C = Inter-level travel time spent in this place.
 D = Time resting spent in this place.
 E = Time spent auto-exploring this place.
 F = Levels seen in this place.
 G = Mean time per level.
                   A        B        C        D        E       F      G
               +--------+--------+--------+--------+--------+-----+--------+
         Total |   2448 |   2393 |     55 |     46 |   1873 |   3 |  816.0 |
       Dungeon |   2448 |   2393 |     55 |     46 |   1873 |   3 |  816.0 |
               +--------+--------+--------+--------+--------+-----+--------+

Top non-repeatable levels by time:
     D:2: 1148 daAuts
     D:1: 985 daAuts
     D:3: 315 daAuts
